 Dungeon Crawl Stone Soup version 0.23.0-3-gf3c87f2 (webtiles) character file.

Game seed: 16741151711319346887

168 DarkinPup the Slasher (level 5, -9/41 HPs)
             Began as a Demonspawn Gladiator on Feb 25, 2019.
             Killed by divine providence
             ... invoked by an orc priest
              (13 damage)
             ... on level 3 of the Dungeon.
             The game lasted 00:02:29 (2178 turns).

DarkinPup the Slasher (Demonspawn Gladiator)        Turns: 2178, Time: 00:02:31

Health: -9/41      AC:  7    Str: 14    XL:     5   Next: 24%
Magic:  0/5        EV: 16    Int:  9    God:
Gold:   180        SH:  0    Dex: 16    Spells: 4/4 levels left

rFire    + . .     SeeInvis .   a - +0 long sword
rCold    . . .     Gourm    .   (no shield)
rNeg     . . .     Faith    .   h - +2 ring mail {MR+}
rPois    .         Spirit   .   (helmet restricted)
rElec    .         Reflect  .   (no cloak)
rCorr    .         Harm     .   (no gloves)
MR       +....                  (no boots)
Stlth    +.........             (no amulet)
HPRegen  0.13/turn              m - ring of protection from fire
MPRegen  0.09/turn              p - +4 ring of evasion

@: no status effects
A: horns 1, rot immunity
a: no special abilities


You were on level 3 of the Dungeon.
You were not hungry.

You visited 1 branch of the dungeon, and saw 3 of its levels.

You collected 180 gold pieces.

Inventory:

Hand Weapons
 a - a +0 long sword (weapon)
Missiles
 d - 5 throwing nets (quivered)
Armour
 c - a +0 helmet
 h - a +2 ring mail of magic resistance (worn)
Jewellery
 m - a ring of protection from fire (left hand)
 p - a +4 ring of evasion (right hand)
Wands
 v - a wand of random effects (18)
Scrolls
 b - a scroll of fear {unknown}
 g - 3 scrolls of fog {unknown}
 i - 2 scrolls of enchant weapon {unknown}
 j - 3 scrolls of remove curse {unknown}
 k - 2 scrolls of identify {unknown}
 o - 3 scrolls of magic mapping {unknown}
 r - a scroll of teleportation {unknown}
Potions
 e - 2 potions of flight {unknown}
 l - 5 potions of agility {unknown}
 n - a potion of brilliance {unknown}
 q - 2 potions of resistance {unknown}
 s - 3 potions of curing {unknown}
 t - a potion of mutation {unknown}
 u - a potion of lignification {unknown}
Comestibles
 f - 6 rations


   Skills:
 + Level 3.1 Fighting
 * Level 3.6 Long Blades
 - Level 1.7 Throwing
 + Level 2.0 Armour
 * Level 3.5 Dodging


You had 4 spell levels left.
You didn't know any spells.
Your spell library was empty.

Dungeon Overview and Level Annotations

Branches:
Dungeon (3/15)

Altars:
Elyvilon
Kikubaaqudgha
Uskayaw
The Shining One


Innate Abilities, Weirdness & Mutations

You have a pair of small horns on your head.
You are immune to rotting.


Message History

The orc priest calls down the wrath of Beogh upon you.
Beogh smites you!
An eye of draining comes into view.
The eye of draining turns its gaze towards you.
You are too injured to fight recklessly!
You are too injured to fight recklessly!
You are too injured to fight recklessly!
You are too injured to fight recklessly!
You slash the giant cockroach!
You kill the giant cockroach!
The orc priest mumbles some strange prayers to Beogh against you.
Beogh smites you!
* * * LOW HITPOINT WARNING * * *
You slash the orc priest!
The orc priest is heavily wounded.
The eye of draining gazes at you.
You feel your power leaking away.
The orc priest invokes the aid of Beogh against you.
Beogh smites you!
You die...

########.#######.#
#..........#.....#
#.########.#.#####
#.# #.#.# # #(#
#.#.# # #(# #.#.#
# #(# #.#.#####
#.# #.#...... #@#
#(####### #o#
#(####### #.G
#........ #...
#..)..... #....
#........ ###.8G
##........
#...##......###
####....##.#
#.....##.#


You could see 2 eyes of draining and an orc priest.

Vanquished Creatures
  Jessica (D:2)
  3 adders (D:3)
  An ooze (D:3)
  4 worms
  4 dart slugs (D:1)
  2 leopard geckos
  14 orcs
  6 ball pythons
  3 giant cockroaches
  10 goblins
  5 hobgoblins
  2 jackals (D:1)
  2 quokkas (D:3)
  6 bats
  2 frilled lizards (D:3)
  4 kobolds
  7 rats
76 creatures vanquished.

Notes
Turn   | Place    | Note
-------+----------+-------------------------------------------
     0 | D:1      | DarkinPup the Demonspawn Gladiator began the quest for the
                  | Orb.
     0 | D:1      | Reached XP level 1. HP: 16/16 MP: 1/1
   165 | D:1      | Gained mutation: You are immune to rotting. [demonic
                  | ancestry]
   165 | D:1      | Reached XP level 2. HP: 14/22 MP: 2/2
   445 | D:1      | Reached skill level 1 in Armour
   914 | D:2      | Reached XP level 3. HP: 28/28 MP: 3/3
  1011 | D:2      | Noticed Jessica
  1021 | D:2      | Killed Jessica
  1164 | D:2      | Reached XP level 4. HP: 34/34 MP: 4/4
  1343 | D:2      | Found a hide-covered altar of Uskayaw.
  1498 | D:3      | Found a white marble altar of Elyvilon.
  1601 | D:3      | Found a glowing golden altar of the Shining One.
  1762 | D:3      | Found an ancient bone altar of Kikubaaqudgha.
  1788 | D:3      | Gained mutation: You have a pair of small horns on your
                  | head. [demonic ancestry]
  1788 | D:3      | Reached XP level 5. HP: 37/41 MP: 5/5
  2171 | D:3      | Noticed an eye of draining
  2176 | D:3      | Noticed an eye of draining
  2178 | D:3      | Killed from afar by an orc priest

Skill      XL: |  1  2  3  4 |
---------------+-------------+-----
Armour         | 1 2 |  2.0
Long Blades    | 3 |  3.6
Dodging        | 3 |  3.5
Fighting       | 3 |  3.1
Throwing       | |  1.7

Action                   |  1- 3 |  4- 6 || total
-------------------------+-------+-------++-------
Melee: Long sword        |    67 |   118 ||   185
       Headbutt          |       |     8 ||     8
  Eat: Chunk             |       |     4 ||     4
Armor: Leather armour    |     5 |       ||     5
       Ring mail         |    16 |    36 ||    52
Dodge: Dodged            |    47 |    92 ||   139
       Rpst.: Long sword |    14 |    34 ||    48
